 Dungeon Crawl Stone Soup version 0.27-a0-457-gba82baf56e (webtiles) character file.

Game seed: 11612527544522057504

9 Chiseanne the Grasshopper (level 2, 14/21 HPs)
             Began as a Demonspawn Wanderer on Feb 28, 2021.
             Quit the game on level 1 of the Dungeon.
             The game lasted 00:00:21 (148 turns).

Chiseanne the Grasshopper (Demonspawn Wanderer)      Turns: 148, Time: 00:00:22

Health: 14/21      AC:  2    Str: 10    XL:     2   Next: 3%
Magic:  5/5        EV: 11    Int: 15    God:
Gold:   4          SH:  0    Dex: 12    Spells: 4/5 levels left

rFire    . . .     SeeInvis .   a - +2 quarterstaff
rCold    . . .     Faith    .   (shield currently unavailable)
rNeg     . . .     Spirit   .   d - +0 robe
rPois    .         Reflect  .   (no helmet)
rElec    .         Harm     .   (no cloak)
rCorr    .         Rampage  .   (no gloves)
Will     .....                  (no boots)
Stlth    ++........             (no amulet)
HPRegen  0.07/turn              (no ring)
MPRegen  0.09/turn              (no ring)

@: no status effects
A: hooves 1
a: no special abilities


You were on level 1 of the Dungeon.
You visited 1 branch of the dungeon, and saw 1 of its levels.

You collected 4 gold pieces.

Inventory:

Hand Weapons
 a - a +2 quarterstaff (weapon)
 e - a +0 dagger
Missiles
 b - 22 stones
Armour
 d - a +0 robe (worn)
Potions
 c - a potion of lignification


   Skills:
 * Level 1.6 Fighting
 - Level 1.0 Staves
 * Level 1.0 Dodging
 - Level 1.7 Stealth
 - Level 2.0 Spellcasting
 - Level 2.6 Translocations
 - Level 1.0 Evocations


You had 4 spell levels left.
You knew the following spells:

 Your Spells              Type           Power        Failure   Level
a - Foxfire               Conj/Fire      4%           22%         1

Your spell library contained the following spells:

 Spells                   Type           Power        Failure   Level
 Ignite Poison            Fire/Tmut/Pois 1%           54%         3


Dungeon Overview and Level Annotations

Branches:
Dungeon (1/15)

Altars:


Innate Abilities, Weirdness & Mutations

You have large cloven feet.


Message History

No target in view!
No target in view!
No target in view!
No target in view!
Things that are here:
a +0 club; a goblin corpse
Things that are here:
a +0 club; a giant cockroach corpse
Found a mace.
b - 22 stones A goblin comes into view. It is wielding a +0 dagger.
Found a chain mail.
A hobgoblin comes into view. It is wielding a +0 club.
The hobgoblin shouts!
A goblin comes into view.
The goblin shouts! x2
You hit the hobgoblin.
The hobgoblin is almost dead.
The hobgoblin hits you with a +0 club.
You hit the hobgoblin.
You kill the hobgoblin!
You sock the goblin!
You kill the goblin!
The goblin misses you.
You see here a +0 club.
You hit the goblin.
The goblin is heavily wounded.
The goblin hits you.
You barely miss the goblin.
The goblin is heavily wounded.
The goblin hits you. The goblin barely misses you.
You hit the goblin.
You kill the goblin!
Your Dodging skill increases to level 1!
You have reached level 2!
Your demonic ancestry asserts itself...
Your feet thicken and deform.
Things that are here:
a +0 dagger; a goblin corpse Are you sure you want to abandon this character and quit the game? (Confirm with "yes".)

#.# #.# ##.##
###...## # #......
.. ##.#...
#.##...#.########
#.[.....@).......
.###........##...>..
...........# #####
#.######..##
#.#......##
#.#........#
####.#.#......#
.....#........#
###..........)# ####


There were no monsters in sight!

Vanquished Creatures
  A giant cockroach (D:1)
  3 goblins (D:1)
  2 hobgoblins (D:1)
  A kobold (D:1)
7 creatures vanquished.

Notes
Turn   | Place    | Note
-------+----------+-------------------------------------------
     0 | D:1      | Chiseanne the Demonspawn Wanderer began the quest for the
                  | Orb.
     0 | D:1      | Chiseanne set off with the following items: a +2
                  | quarterstaff, a potion of lignification, a +0 robe, a +0
                  | dagger; and the following spell memorised: Foxfire; and the
                  | following spells available to memorise: Ignite Poison
     0 | D:1      | Reached XP level 1. HP: 15/15 MP: 3/3
   147 | D:1      | Reached skill level 1 in Dodging
   147 | D:1      | Gained mutation: You have large cloven feet. [demonic
                  | ancestry]
   147 | D:1      | Reached XP level 2. HP: 14/21 MP: 5/5
   148 | D:1      | Quit the game

Illustrated notes

Levels and vault maps discovered:
D:1:      dpeg_arrival_solitude, layout_loops_ring, serial_park_tiny_1

Skill      XL: |  1 |
---------------+----+-----
Dodging        | 1 |  1.0
Fighting       | |  1.6
Staves         | |  1.0
Stealth        | |  1.7
Spellcasting   | |  2.0
Translocations | |  2.6
Evocations     | |  1.0

Action                   || total
-------------------------++-------
Melee: Quarterstaff      ||    18
Armor: Robe              ||     2
Dodge: Dodged            ||     9

Table legend: (Time is in decaauts)
 A = Elapsed time spent in this place.
 B = Non-inter-level travel time spent in this place.
 C = Inter-level travel time spent in this place.
 D = Time resting spent in this place.
 E = Time spent auto-exploring this place.
 F = Levels seen in this place.
 G = Mean time per level.
                   A        B        C        D        E       F      G
               +--------+--------+--------+--------+--------+-----+--------+
         Total |    152 |    152 |      0 |      7 |    109 |   1 |  152.0 |
       Dungeon |    152 |    152 |      0 |      7 |    109 |   1 |  152.0 |
               +--------+--------+--------+--------+--------+-----+--------+

Top non-repeatable levels by time:
     D:1: 152 daAuts
